 Dungeon Crawl Stone Soup version 0.26-a0-491-g70697cc071 (webtiles) character file.

Game seed: 485893307775694741

134 BeastOfSaturn the Slasher (level 4, -2/34 HPs)
             Began as a Demonspawn Warper on Aug 5, 2020.
             Killed from afar by an orc wizard (7 damage)
             ... with a magic dart
             ... on level 3 of the Dungeon.
             The game lasted 00:04:07 (2630 turns).

BeastOfSaturn the Slasher (Demonspawn Warper)       Turns: 2630, Time: 00:04:07

Health: -2/34      AC:  6    Str: 13    XL:     4   Next: 95%
Magic:  7/7        EV: 27    Int: 14    God:
Gold:   111        SH:  0    Dex: 12    Spells: 7/7 levels left

rFire    . . .     SeeInvis +   a - +0 falchion
rCold    . . .     Faith    .   (no shield)
rNeg     . . .     Spirit   .   b - +0 leather armour
rPois    .         Reflect  .   (no helmet)
rElec    .         Harm     .   (no cloak)
rCorr    .                      j - +0 pair of gloves
MR       .....                  (no boots)
Stlth    +.........             n - amulet of the acrobat
HPRegen  0.11/turn              o - ring of see invisible
MPRegen  0.10/turn              k - ring of flight

@: acrobat
A: talons 1, molten scales 1, rot immunity
a: Evoke Flight


You were on level 3 of the Dungeon.
You visited 1 branch of the dungeon, and saw 3 of its levels.

You collected 111 gold pieces.

Inventory:

Hand Weapons
 a - a +0 falchion (weapon)
 p - a +0 long sword
Missiles
 e - 5 boomerangs of dispersal (quivered)
Armour
 b - a +0 leather armour (worn)
 j - a +0 pair of gloves (worn)
Jewellery
 k - a ring of flight (right hand)
 l - an uncursed ring of stealth
 n - an amulet of the acrobat (around neck)
 o - a ring of see invisible (left hand)
Scrolls
 c - a scroll of remove curse
 d - a scroll of blinking
 h - 4 scrolls of identify {unknown}
 i - a scroll of teleportation {unknown}
Potions
 f - a potion of lignification {unknown}
 g - 3 potions of curing {unknown}
 m - a potion of mutation {unknown}


   Skills:
 * Level 2.7 Fighting
 * Level 3.1 Long Blades
 - Level 0.8 Throwing
 * Level 2.2 Armour
 * Level 2.6 Dodging
 - Level 2.0 Spellcasting
   Level 2.6 Translocations


You had 7 spell levels left.
You didn't know any spells.
Your spell library contained the following spells:

 Spells                   Type           Power        Failure   Level
 Apportation              Tloc           #.....       10%         1
 Blink                    Tloc           N/A          16%         2
 Animate Skeleton         Necr           #.....       30%         1
 Corona                   Hex            #......      30%         1
 Summon Small Mammal      Summ           #...         30%         1
 Gell's Gravitas          Tloc           #.........   30%         3
 Lesser Beckoning         Tloc           #.........   30%         3
 Teleport Other           Tloc           #.......     30%         3
 Passage of Golubria      Tloc           N/A          69%         4


Dungeon Overview and Level Annotations

Branches:
Dungeon (3/15)

Altars:
Dithmenos
Elyvilon
Nemelex Xobeh
Qazlal
Xom


Innate Abilities, Weirdness & Mutations

You have sharp toenails.
You are partially covered in molten scales. (AC +2)
You are immune to rotting.


Message History

The orc wizard completely misses you.
You riposte.
You barely miss the orc wizard.
The orc wizard is moderately wounded.
The orc wizard casts a spell.
The orc wizard blinks!
You hit the orc wizard but do no damage.
The orc wizard is moderately wounded.
The orc wizard points at you and mumbles some strange words.
The magic dart hits you. The orc wizard barely misses you.
The orc wizard casts a spell.
The orc wizard blinks!
The orc wizard completely misses you. x2
The orc priest invokes the aid of Beogh against you.
Beogh smites you!
* * * LOW HITPOINT WARNING * * *
The orc wizard gestures wildly while chanting.
The orc wizard blinks!
The orc wizard gestures at you while chanting.
The magic dart hits you!
You die...

#..(<†....#
#.#..#.#>....
#.#..#.# ### #.####.#
#(.....#
##.#######.....#
#...........#....#
##.###.(...###.....#
#@##..###..##.#...
#.# #o###..#..## ....
#..##.o##.....##. ...
#....o.......... ...
#...##.........# ...
#..# ##o.._...####...
#...##.........##....
#...............o....
#.....##.....##..#...


You could see an orc priest, an orc wizard (fast) and 2 orcs.

Vanquished Creatures
  6 adders
  A shadow imp (D:3)
  3 dart slugs (D:1)
  An orc (D:3)
  3 giant cockroaches (D:1)
  10 goblins
  5 hobgoblins
  9 jackals
  6 kobolds
  A quokka (D:2)
  8 bats
  4 frilled lizards
  7 rats
64 creatures vanquished.

Notes
Turn   | Place    | Note
-------+----------+-------------------------------------------
     0 | D:1      | BeastOfSaturn the Demonspawn Warper began the quest for the
                  | Orb.
     0 | D:1      | Reached XP level 1. HP: 16/16 MP: 3/3
    60 | D:1      | Reached skill level 1 in Armour
   300 | D:1      | Reached skill level 2 in Long Blades
   300 | D:1      | Gained mutation: You have sharp toenails. [demonic
                  | ancestry]
   300 | D:1      | Reached XP level 2. HP: 18/22 MP: 5/5
   988 | D:1      | Gained mutation: You are immune to rotting. [demonic
                  | ancestry]
   988 | D:1      | Reached XP level 3. HP: 26/28 MP: 6/6
  1517 | D:2      | Found a white marble altar of Elyvilon.
  1578 | D:2      | Found a shimmering altar of Xom.
  1580 | D:2      | Found a shattered altar of Ashenzari.
  1580 | D:2      | Found an ornate altar of the Wu Jian Council.
  1635 | D:2      | Found a hazy altar of Hepliaklqana.
  1635 | D:2      | Found a radiant altar of Vehumet.
  1635 | D:2      | Found a sparkling altar of Nemelex Xobeh.
  1842 | D:2      | Found a sparkling altar of Nemelex Xobeh.
  1962 | D:2      | Gained mutation: You are partially covered in molten
                  | scales. (AC +2) [demonic ancestry]
  1962 | D:2      | Reached XP level 4. HP: 25/34 MP: 7/7
  2329 | D:2      | Reached skill level 3 in Long Blades
  2417 | D:2      | Found a stormy altar of Qazlal.
  2560 | D:3      | Found a shadowy altar of Dithmenos.
  2630 | D:3      | Killed from afar by an orc wizard

Illustrated notes

Levels and vault maps discovered:
D:1:      dpeg_arrival_renting, layout_loops_corners
D:2:      layout_loops_ring, lemuel_round_altar, lemuel_crystal_altar,
          lemuel_coloured_pillars_altar, hex_large, doesnt_xom_only_xom
D:3:      layout_basic, nicolae_dithmenos_shadow_blocks,
          eat_drink_and_be_merry_uskayaw, uniq_terence

Skill      XL: |  1  2  3  4 |
---------------+-------------+-----
Armour         | 1 2 |  2.2
Dodging        | 2 |  2.6
Long Blades    | 2 3 |  3.1
Fighting       | |  2.7
Throwing       | |  0.8
Spellcasting   | |  2.0
Translocations | |  2.6

Action                   |  1- 3 |  4- 6 || total
-------------------------+-------+-------++-------
Melee: Falchion          |   112 |    57 ||   169
       Kick              |    23 |    14 ||    37
  Use: Scroll            |     1 |     1 ||     2
 Stab: Sleeping          |       |     2 ||     2
Armor: Leather armour    |    37 |    32 ||    69
Dodge: Dodged            |    81 |    55 ||   136
       Rpst.: Falchion   |    27 |    18 ||    45

Table legend: (Time is in decaauts)
 A = Elapsed time spent in this place.
 B = Non-inter-level travel time spent in this place.
 C = Inter-level travel time spent in this place.
 D = Time resting spent in this place.
 E = Time spent auto-exploring this place.
 F = Levels seen in this place.
 G = Mean time per level.
                   A        B        C        D        E       F      G
               +--------+--------+--------+--------+--------+-----+--------+
         Total |   2658 |   2599 |     59 |    221 |   1940 |   3 |  886.0 |
       Dungeon |   2658 |   2599 |     59 |    221 |   1940 |   3 |  886.0 |
               +--------+--------+--------+--------+--------+-----+--------+

Top non-repeatable levels by time:
     D:1: 1506 daAuts
     D:2: 1052 daAuts
     D:3: 99 daAuts
